SNL (28 & UNDER)
MONTGOMERY BISCUITS @ BLACKIRON DRAGONS
08/04/2030
 
TOP OF THE 1ST
Montgomery Biscuits batting - Pitching for BlackIron Dragons : RHP Ramiro Sierra
Pitching: RHP Ramiro Sierra
Batting: RHB Dave Sawyer 0-0: Ground out 6-3 (Groundball, 6)
Batting: RHB Marvin Kidd 0-0: Ball
1-0: Foul Ball, location: 2F
1-1: DOUBLE (Line Drive, 7LM)
Batting: LHB Ron Young 0-0: Ball
1-0: Called Strike
1-1: Swinging Strike
1-2: Foul Ball, location: 2F
1-2: Strikes out looking
Batting: LHB Amlak Saitoti 0-0: Ball
1-0: Ball
2-0: Fly out, F4 (Popup, 4MD)
Top of the 1st over - 0 runs, 1 hit, 0 errors, 1 left on base; Montgomery 0 - BlackIron 0
BOTTOM OF THE 1ST
BlackIron Dragons batting - Pitching for Montgomery Biscuits : RHP Guillermo Duarte
Pitching: RHP Guillermo Duarte
Batting: RHB Joaquín Valenzuela 0-0: Foul Ball, location: 2F
0-1: Ball
1-1: Foul Ball, location: 2F
1-2: Ball
2-2: Fly out, F6 (Popup, 6M)
Batting: RHB Mel Wells 0-0: Called Strike
0-1: Ball
1-1: Ball
2-1: Ball
3-1: Base on Balls
Batting: LHB José Martínez 0-0: Ball
1-0: Foul Ball, location: 2F
1-1: Foul Ball, location: 2F
1-2: Ball
2-2: Ball
3-2: Base on Balls
Mel Wells to second
Batting: RHB Foster Hapgood 0-0: Called Strike
0-1: Ball
1-1: Ball
2-1: Ball
3-1: Called Strike
3-2: Strikes out swinging
Batting: RHB Iván Granados 0-0: Fly out, F7 (Flyball, 7)
Bottom of the 1st over - 0 runs, 0 hits, 0 errors, 2 left on base; Montgomery 0 - BlackIron 0
TOP OF THE 2ND
Montgomery Biscuits batting - Pitching for BlackIron Dragons : RHP Ramiro Sierra
Batting: SHB Kenneth Cruz 0-0: Swinging Strike
0-1: Ball
1-1: Swinging Strike
1-2: Strikes out looking
Batting: RHB Roy Powell 0-0: Ground out 5-3 (Groundball, 5L)
Batting: RHB Jorge Guzmán 0-0: Called Strike
0-1: Fly out, F8 (Line Drive, 8LD)
Top of the 2nd over - 0 runs, 0 hits, 0 errors, 0 left on base; Montgomery 0 - BlackIron 0
BOTTOM OF THE 2ND
BlackIron Dragons batting - Pitching for Montgomery Biscuits : RHP Guillermo Duarte
Batting: RHB Randall Walker 0-0: Ball
1-0: Ball
2-0: Called Strike
2-1: Foul Ball, location: 2F
2-2: Ball
3-2: Base on Balls
Batting: RHB Millard Long 0-0: Ball
1-0: Ball
2-0: Ball
Randall Walker is caught stealing 2nd base
3-0: Called Strike
3-1: Foul Ball, location: 2F
3-2: Foul Ball, location: 2F
3-2: Foul Ball, location: 2F
3-2: Fly out, F8 (Flyball, 8RM)
Batting: RHB Jake Erickson 0-0: Foul Ball, location: 2F
0-1: Swinging Strike
0-2: Strikes out swinging
Bottom of the 2nd over - 0 runs, 0 hits, 0 errors, 0 left on base; Montgomery 0 - BlackIron 0
TOP OF THE 3RD
Montgomery Biscuits batting - Pitching for BlackIron Dragons : RHP Ramiro Sierra
Batting: RHB Kyle Vélez 0-0: Swinging Strike
0-1: Swinging Strike
0-2: Strikes out looking
Batting: RHB Ben White 0-0: Ball
1-0: Called Strike
1-1: Foul Ball, location: 2F
1-2: Ball
2-2: Strikes out swinging
Batting: RHB Dave Sawyer 0-0: Ball
1-0: Swinging Strike
1-1: Foul Ball, location: 2F
1-2: Ball
2-2: Fly out, F9 (Flyball, 9S)
Top of the 3rd over - 0 runs, 0 hits, 0 errors, 0 left on base; Montgomery 0 - BlackIron 0
BOTTOM OF THE 3RD
BlackIron Dragons batting - Pitching for Montgomery Biscuits : RHP Guillermo Duarte
Batting: RHB Luis Méndez 0-0: Ball
1-0: Called Strike
1-1: Foul Ball, location: 2F
1-2: Ball
2-2: Foul Ball, location: 2F
2-2: Foul Ball, location: 2F
2-2: Strikes out swinging
Batting: RHB Joaquín Valenzuela 0-0: Called Strike
0-1: Ball
1-1: Ball
2-1: Ball
3-1: Base on Balls
Batting: RHB Mel Wells 0-0: Called Strike
Joaquín Valenzuela steals 2nd base
0-1: Swinging Strike
0-2: Strikes out swinging
Batting: LHB José Martínez 0-0: Ball
1-0: Fly out, F8 (Flyball, 8LS)
Bottom of the 3rd over - 0 runs, 0 hits, 0 errors, 1 left on base; Montgomery 0 - BlackIron 0
TOP OF THE 4TH
Montgomery Biscuits batting - Pitching for BlackIron Dragons : RHP Ramiro Sierra
Batting: RHB Marvin Kidd 0-0: Ball
1-0: Swinging Strike
1-1: Foul Ball, location: 2F
1-2: Strikes out swinging
Batting: LHB Ron Young 0-0: Foul Ball, location: 2F
0-1: Ball
1-1: Called Strike
1-2: Ball
2-2: Fly out, F7 (Flyball, 7LS)
Batting: LHB Amlak Saitoti 0-0: Fly out, F4 (Line Drive, 4M)
Top of the 4th over - 0 runs, 0 hits, 0 errors, 0 left on base; Montgomery 0 - BlackIron 0
BOTTOM OF THE 4TH
BlackIron Dragons batting - Pitching for Montgomery Biscuits : RHP Guillermo Duarte
Batting: RHB Foster Hapgood 0-0: Called Strike
0-1: Ball
1-1: Ball
2-1: DOUBLE (Flyball, 89D)
Batting: RHB Iván Granados 0-0: Intentional Walk
Batting: RHB Randall Walker 0-0: 3-RUN HOME RUN (Flyball, 78XD), Distance : 423 ft
Batting: RHB Millard Long 0-0: Foul Ball, location: 2F
0-1: Foul Ball, location: 2F
0-2: Ball
1-2: Ball
2-2: Ball
3-2: Fly out, F5 (Line Drive, 5)
Batting: RHB Jake Erickson 0-0: Called Strike
0-1: Called Strike
0-2: Ball
1-2: Strikes out looking
Batting: RHB Luis Méndez 0-0: Called Strike
0-1: Hit by Pitch
Batting: RHB Joaquín Valenzuela 0-0: Called Strike
0-1: Foul Ball, location: 2F
0-2: Ball
1-2: Ball
2-2: Ground out U3 (Groundball, 3)
Bottom of the 4th over - 3 runs, 2 hits, 0 errors, 1 left on base; Montgomery 0 - BlackIron 3
TOP OF THE 5TH
Montgomery Biscuits batting - Pitching for BlackIron Dragons : RHP Ramiro Sierra
Batting: SHB Kenneth Cruz 0-0: Ball
1-0: Swinging Strike
1-1: Ball
2-1: Ground out 3-1 (Groundball, 34)
Batting: RHB Roy Powell 0-0: Ball
1-0: Called Strike
1-1: Ball
2-1: Swinging Strike
2-2: Foul Ball, location: 2F
2-2: Ball
3-2: Strikes out swinging
Batting: RHB Jorge Guzmán 0-0: Called Strike
0-1: Foul Ball, location: 2F
0-2: Foul Ball, location: 2F
0-2: Foul Ball, location: 2F
0-2: Foul Ball, location: 2F
0-2: Ground out 4-3 (Groundball, 4S)
Top of the 5th over - 0 runs, 0 hits, 0 errors, 0 left on base; Montgomery 0 - BlackIron 3
BOTTOM OF THE 5TH
BlackIron Dragons batting - Pitching for Montgomery Biscuits : RHP Guillermo Duarte
Batting: RHB Mel Wells 0-0: Ball
1-0: Called Strike
1-1: DOUBLE (Flyball, 78D)
Batting: LHB José Martínez 0-0: Intentional Walk
Pitching: LHP Alberto Macías
Batting: RHB Foster Hapgood 0-0: SINGLE (Groundball, 6MD)
Mel Wells to third
José Martínez to second
Runner from 3rd tries for Home, SAFE, no throw
Batting: RHB Iván Granados 0-0: Ball
1-0: Foul Ball, location: 2F
1-1: TRIPLE (Line Drive, 9LD)
José Martínez scores
Foster Hapgood scores
Batting: RHB Randall Walker 0-0: Foul Ball, location: 2F
0-1: Swinging Strike
0-2: Ball
1-2: Foul Ball, location: 2F
1-2: Strikes out looking
Batting: RHB Millard Long 0-0: Foul Ball, location: 2F
0-1: Ball
1-1: Foul Ball, location: 2F
1-2: Foul Ball, location: 2F
1-2: Ball
2-2: Ball
3-2: Ground out 6-3 (Groundball, 6)
Iván Granados scores
Batting: RHB Jake Erickson 0-0: Foul Ball, location: 2F
0-1: Ball
1-1: SINGLE (Groundball, 4D)
Batting: RHB Luis Méndez 0-0: Ball
1-0: Called Strike
1-1: 2-RUN HOME RUN (Flyball, 7D), Distance : 412 ft
Batting: RHB Joaquín Valenzuela 0-0: Ball
1-0: Called Strike
1-1: Foul Ball, location: 2F
1-2: Foul Ball, location: 2F
1-2: Ball
2-2: Fly out, F4 (Popup, 23)
Bottom of the 5th over - 6 runs, 5 hits, 0 errors, 0 left on base; Montgomery 0 - BlackIron 9
TOP OF THE 6TH
Montgomery Biscuits batting - Pitching for BlackIron Dragons : RHP Ramiro Sierra
Batting: RHB Kyle Vélez 0-0: Foul Ball, location: 2F
0-1: SOLO HOME RUN (Flyball, 78XD), Distance : 405 ft
Batting: RHB Ben White 0-0: Ball
1-0: SINGLE (Groundball, 4MD)
Batting: RHB Dave Sawyer 0-0: Ball
1-0: Ball
2-0: Fielders Choice at 2nd, 6-4 (Groundball, 6)
Pitching: LHP Desi Wells
Batting: RHB Marvin Kidd 0-0: Ball
1-0: Ball
2-0: Called Strike
2-1: Called Strike
2-2: Foul Ball, location: 2F
2-2: Strikes out swinging
Batting: LHB Ron Young 0-0: Swinging Strike
0-1: Ground out 4-3 (Groundball, 34)
Top of the 6th over - 1 run, 2 hits, 0 errors, 1 left on base; Montgomery 1 - BlackIron 9
BOTTOM OF THE 6TH
BlackIron Dragons batting - Pitching for Montgomery Biscuits : LHP Alberto Macías
Batting: RHB Mel Wells 0-0: Called Strike
0-1: Called Strike
0-2: Ball
1-2: Strikes out swinging
Batting: LHB José Martínez 0-0: Called Strike
0-1: Ball
1-1: Foul Ball, location: 2F
1-2: Fly out, F9 (Flyball, 9S)
Batting: RHB Foster Hapgood 0-0: Fly out, F3 (Popup, 3S)
Bottom of the 6th over - 0 runs, 0 hits, 0 errors, 0 left on base; Montgomery 1 - BlackIron 9
TOP OF THE 7TH
Montgomery Biscuits batting - Pitching for BlackIron Dragons : LHP Desi Wells
Batting: LHB Amlak Saitoti 0-0: Foul Ball, location: 2F
0-1: Called Strike
0-2: Ball
1-2: Ball
2-2: Foul Ball, location: 2F
2-2: Foul Ball, location: 2F
2-2: Ball
3-2: SINGLE (Line Drive, 56)
Batting: SHB Kenneth Cruz 0-0: Ball
1-0: Ball
2-0: Ball
3-0: Base on Balls
Amlak Saitoti to second
Batting: RHB Roy Powell 0-0: Called Strike
0-1: Ball
1-1: Foul Ball, location: 2F
1-2: Strikes out swinging
Batting: RHB Jorge Guzmán 0-0: Called Strike
0-1: Called Strike
0-2: Ball
1-2: Foul Ball, location: 2F
1-2: Ball
2-2: SINGLE (Flyball, 8LS)
Amlak Saitoti to third
Kenneth Cruz to second
Runner from 3rd tries for Home, SAFE, throw made home
Batting: RHB Kyle Vélez 0-0: Ball
1-0: Foul Ball, location: 2F
1-1: 3-RUN HOME RUN (Flyball, 7D), Distance : 395 ft
Pitching: LHP Nick Walters
Batting: RHB Ben White 0-0: Ball
1-0: Ball
2-0: Ball
3-0: Base on Balls
Pitching: RHP José Moreno
Batting: RHB Dave Sawyer 0-0: Grounds into double play, 6-4-3 (Groundball, 6M)
Top of the 7th over - 4 runs, 3 hits, 0 errors, 0 left on base; Montgomery 5 - BlackIron 9
BOTTOM OF THE 7TH
BlackIron Dragons batting - Pitching for Montgomery Biscuits : LHP Alberto Macías
Pitching: RHP Enrique Boyd
Batting: RHB Iván Granados 0-0: Ball
1-0: Fly out, F3 (Line Drive, 3)
Batting: RHB Randall Walker 0-0: Ball
1-0: Ball
2-0: Ground out 5-3 (Groundball, 56S)
Batting: RHB Millard Long 0-0: Called Strike
0-1: Foul Ball, location: 2F
0-2: Foul Ball, location: 2F
0-2: Foul Ball, location: 2F
0-2: Ball
1-2: Ball
2-2: Ball
3-2: Strikes out swinging
Bottom of the 7th over - 0 runs, 0 hits, 0 errors, 0 left on base; Montgomery 5 - BlackIron 9
TOP OF THE 8TH
Montgomery Biscuits batting - Pitching for BlackIron Dragons : RHP José Moreno
Batting: RHB Marvin Kidd 0-0: Ball
1-0: SOLO HOME RUN (Line Drive, 9LD), Distance : 372 ft
Batting: LHB Ron Young 0-0: Ball
1-0: Ball
2-0: Called Strike
2-1: Hit by Pitch
Batting: LHB Amlak Saitoti 0-0: Ball
1-0: Foul Ball, location: 2F
1-1: Ball
2-1: Foul Ball, location: 2F
2-2: Ball
3-2: Foul Ball, location: 2F
3-2: Base on Balls
Ron Young to second
Pitching: RHP Jorge Román
Batting: SHB Kenneth Cruz 0-0: SINGLE (Line Drive, 8LS)
Ron Young to third
Amlak Saitoti to second
Runner from 3rd tries for Home, SAFE, no throw
Pitching: RHP Corey Brown
Batting: RHB Roy Powell 0-0: Foul Ball, location: 2F
0-1: Swinging Strike
0-2: Foul Ball, location: 2F
0-2: Strikes out looking
Pinch Hitting: LHB Francisco Romo 0-0: Foul Ball, location: 2F
0-1: Called Strike
0-2: Ball
1-2: Ball
2-2: Strikes out looking
Batting: RHB Kyle Vélez 0-0: Swinging Strike
0-1: Ball
1-1: Ground out 5-3 (Groundball, 25)
Top of the 8th over - 2 runs, 2 hits, 0 errors, 2 left on base; Montgomery 7 - BlackIron 9
BOTTOM OF THE 8TH
BlackIron Dragons batting - Pitching for Montgomery Biscuits : RHP Enrique Boyd
Now in LF: Gilbert Stegall
Batting: RHB Jake Erickson 0-0: Foul Ball, location: 2F
0-1: Foul Ball, location: 2F
0-2: Foul Ball, location: 2F
0-2: Fly out, F4 (Line Drive, 4M)
Batting: RHB Luis Méndez 0-0: Foul Ball, location: 2F
0-1: Ball
1-1: Fly out, F9 (Flyball, 9)
Batting: RHB Joaquín Valenzuela 0-0: Ground out 1-3 (Groundball, P)
Bottom of the 8th over - 0 runs, 0 hits, 0 errors, 0 left on base; Montgomery 7 - BlackIron 9
TOP OF THE 9TH
Montgomery Biscuits batting - Pitching for BlackIron Dragons : RHP Corey Brown
Now at 1B: Roderick Silva
Now in LF: Alexander Barr
Now in CF: Miguel Barrón
Batting: RHB Ben White 0-0: Ball
1-0: Swinging Strike
1-1: Ball
2-1: Ball
3-1: Swinging Strike
3-2: Strikes out swinging
Batting: RHB Dave Sawyer 0-0: Called Strike
0-1: Ball
1-1: Ball
2-1: Ball
3-1: Base on Balls
Batting: RHB Marvin Kidd 0-0: Ball
1-0: Called Strike
1-1: Fielders Choice at 2nd, 5-4 (Groundball, 56)
Batting: LHB Ron Young 0-0: Ball
1-0: Foul Ball, location: 2F
1-1: Hit by Pitch
Marvin Kidd to second
Batting: LHB Amlak Saitoti 0-0: Called Strike
0-1: Called Strike
0-2: Ball
1-2: Ball
2-2: Foul Ball, location: 2F
2-2: Fly out, F9 (Flyball, 9LM)
Top of the 9th over - 0 runs, 0 hits, 0 errors, 2 left on base; Montgomery 7 - BlackIron 9
Saturday, April 7th, 2018 - OOTP Baseball 18.8 Build 76